Map: 宿怨战场-天梯版

Players

Lambo - Winner!

  • Race: Zerg Zerg

SouLeer

  • Race: Zerg Zerg
  • League: Master

Event: WESG 2018 Grand Finals

VOD

Have the link to the VOD?

Description

Time

  • Played on: March 11, 2019, 12:28 a.m.
  • Length: 8:58

All games in this series

Show
View Real Time Build Order
Export as new Build Order

Lambo Zerg - Winner!

Build Orders: Hatch First, Zergling Baneling 

Get SALT Encoding   

  12  0:00  Drone  
  13  0:13  Overlord  
  13  0:17  Drone  
  14  0:31  Drone x2  
  16  0:47  Hatchery  
  15  0:51  Drone  
  15  0:54  Drone  
  17  1:08  Spawning Pool  
  17  1:10  Extractor  
  15  1:13  Drone  
  15  1:17  Drone  
  17  1:20  Drone  
  18  1:29  Drone  
  19  1:40  Drone  
  20  1:50  Overlord  
  20  1:55  Queen  
  20  1:59  Queen  
  24  2:06  Zergling x2  
  24  2:07  Zergling x2  
  26  2:12  Metabolic Boost  
  26  2:15  Drone x2  
  28  2:21  Drone  
  29  2:24  Drone  
  30  2:32  Zergling x2  
  31  2:41  Hatchery  
  31  2:44  Drone  
  31  2:48  Baneling Nest  
  30  2:53  Drone  
  30  2:55  Overlord  
  31  3:03  Drone  
  32  3:07  Zergling x6  
  32  3:09  Zergling x2  
  36  3:13  Zergling x4  
  36  3:18  Zergling x4  
  40  3:23  Overlord  
  40  3:32  Baneling x4  
  40  3:40  Zergling x6  
  42  3:45  Drone x4  
  45  3:51  Drone x4  
  45  3:55  Drone  
  50  3:59  Drone  
  49  4:08  Baneling x2  
  49  4:09  Zergling x2  
  49  4:11  Drone  
  49  4:14  Roach Warren  
  49  4:17  Queen  
  49  4:18  Drone  
  49  4:20  Extractor  
  49  4:21  Drone  
  53  4:24  Drone  
  53  4:25  Zergling x2  
  53  4:30  Zergling x2  
  53  4:31  Zergling x4  
  56  4:37  Zergling x8  
  58  4:43  Baneling x2  
  56  4:46  Overlord  
  56  4:50  Overlord  
  56  4:56  Overlord  
  55  5:12  Overlord, Queen  
  55  5:13  Overlord  
  55  5:16  Roach x5  
  55  5:19  Roach  
  67  5:24  Overlord  
  67  5:26  Roach  
  69  5:29  Roach  
  70  5:40  Roach x4  
  76  5:46  Baneling x3  
  76  5:48  Baneling  
  76  5:49  Zergling x2  
  73  5:56  Roach x2  
  76  5:58  Zergling x8  
  76  6:04  Baneling  
  80  6:06  Drone x2  
  80  6:07  Zergling x2  
  83  6:12  Roach x2  
  83  6:16  Roach  
  87  6:20  Roach  
  87  6:21  Zergling x6  
  81  6:25  Zergling x6  
  81  6:29  Baneling x2  
  82  6:35  Zergling x8  
  82  6:39  Zergling x4  
  84  6:42  Baneling  
  84  6:43  Baneling  
  72  6:50  Roach x2  
  76  6:55  Baneling  
  76  6:56  Baneling  
  76  6:58  Zergling x2  
  76  6:59  Drone x5  
  82  7:02  Baneling  
  82  7:06  Baneling, Extractor  
  82  7:07  Zergling x4  
  83  7:16  Zergling x14  
  88  7:27  Roach x4  
  81  7:33  Roach x2  
  78  7:37  Baneling  
  78  7:42  Zergling x10  
  78  7:43  Evolution Chamber  
  80  7:47  Zergling x6  
  83  7:52  Baneling x2  
  83  7:55  Roach x2  
  87  8:00  Drone x2  
  87  8:05  Baneling x2  
  87  8:11  Drone x3  
  88  8:19  Baneling x2  
  80  8:27  Roach x6  
  80  8:33  Roach x2, Zergling x2  
Show
View Real Time Build Order
Export as new Build Order

SouLeer Zerg 

Build Orders: Hatch First 

Get SALT Encoding   

  12  0:00  Drone  
  13  0:12  Overlord  
  13  0:17  Drone  
  14  0:31  Drone x2  
  14  0:35  Drone  
  17  0:52  Hatchery  
  17  0:54  Drone  
  17  0:58  Drone  
  18  1:08  Extractor  
  17  1:13  Spawning Pool  
  17  1:17  Drone  
  17  1:20  Drone  
  18  1:29  Drone  
  19  1:42  Overlord  
  19  1:51  Drone  
  20  1:59  Queen  
  22  2:02  Zergling x2  
  22  2:03  Queen  
  22  2:04  Zergling x2  
  26  2:09  Metabolic Boost  
  26  2:12  Drone  
  27  2:17  Drone  
  29  2:22  Drone  
  29  2:26  Drone  
  30  2:41  Hatchery  
  30  2:44  Drone x2  
  30  2:51  Baneling Nest  
  30  2:58  Zergling x4  
  32  2:59  Zergling x2  
  32  3:00  Zergling x2  
  34  3:05  Overlord  
  34  3:08  Zergling x2  
  36  3:12  Drone  
  36  3:23  Overlord  
  36  3:24  Drone x3  
  36  3:25  Drone  
  40  3:30  Evolution Chamber  
  40  3:31  Drone  
  40  3:35  Baneling x2  
  40  3:36  Drone  
  40  3:38  Drone  
  40  3:55  Overlord  
  38  3:58  Queen  
  38  4:01  Overlord  
  38  4:02  Zergling x6  
  41  4:08  Zerg Ground Armor Level 1  
  41  4:09  Zergling x2  
  42  4:14  Zergling x4  
  42  4:16  Baneling  
  44  4:20  Zergling x6  
  47  4:25  Zergling x4  
  47  4:28  Zergling x4  
  47  4:30  Baneling x2  
  49  4:36  Zergling x6  
  48  4:57  Hatchery  
  48  4:58  Zergling x4  
  48  4:59  Zergling x6  
  51  5:04  Zergling x2  
  52  5:08  Zergling x4  
  53  5:14  Baneling x2  
  53  5:16  Zergling x6  
  53  5:17  Zergling x2  
  57  5:23  Zergling x2  
  57  5:27  Zergling x2  
  59  5:31  Baneling x2  
  57  5:38  Zergling x8  
  57  5:41  Zergling x2  
  60  5:47  Zergling x2  
  60  5:48  Zergling x4  
  63  5:52  Zergling x2  
  63  5:59  Baneling x3  
  63  6:00  Baneling x3  
  63  6:02  Zergling x4  
  65  6:07  Zergling x4  
  65  6:09  Zergling x4  
  65  6:10  Zergling x2  
  67  6:21  Zergling x6  
  56  6:26  Zergling x4  
  56  6:29  Queen  
  56  6:30  Zergling x4  
  56  6:31  Baneling x3  
  59  6:37  Zergling x4  
  59  6:38  Zergling x2  
  54  6:42  Zergling x4  
  49  6:47  Zergling x2  
  49  6:50  Baneling  
  49  6:53  Zergling x6  
  52  6:56  Queen  
  52  6:59  Zergling x4  
  52  7:01  Baneling  
  56  7:02  Zergling x2  
  56  7:03  Zergling x2  
  56  7:06  Zergling x2  
  59  7:10  Zergling x4  
  61  7:17  Zergling x4  
  59  7:25  Zergling x8  
  59  7:28  Zergling x2  
  53  7:37  Zergling x8  
  53  7:38  Zergling x2  
  58  7:44  Zergling x2  
  58  7:46  Baneling  
  58  7:47  Zergling x2  
  58  7:49  Zergling x2  
  61  7:53  Zergling x2  
  61  7:57  Zergling x2  
  62  8:00  Baneling x2  
  62  8:04  Zergling x4  
  64  8:09  Zergling x4  
  64  8:12  Zergling x4  
  68  8:13  Zergling x4  
  68  8:16  Zergling x2  
  58  8:30  Zergling x4  
  58  8:32  Zergling x4  
  58  8:34  Zergling x4  
Tags
 
Add a new tag
Caveats
  • Supply blocks, unpowered buildings, or Contaminate may cause inaccurate times.
  • Supply counts are checked every 10 seconds.